 Dungeon Crawl Stone Soup version 0.29-a0-1023-g6ae1a4a2c7 (webtiles) character file.

Game seed: 4238414773241403839

6895 nickcage the Spear-Bearer (level 11, -4/87 HPs)
             Began as a Merfolk Gladiator on Aug 11, 2022.
             Was a Believer of Qazlal.
             Slain by a six-headed hydra (11 damage)
             ... on level 7 of the Dungeon.
             The game lasted 00:22:32 (9140 turns).

nickcage the Spear-Bearer (Merfolk Gladiator)       Turns: 9140, Time: 00:22:33

Health: -4/87      AC: 14    Str: 25    XL:     11   Next: 6%
Magic:  0/11       EV:  7    Int:  7    God:    Qazlal [**....]
Gold:   364        SH: 18    Dex: 16    Spells: 10/10 levels left

rFire   . . .      SeeInvis +   M - +3 spear (venom)
rCold   . . .      Faith    .   H - +0 tower shield
rNeg    . . .      Spirit   +   I - +0 chain mail
rPois   .          Reflect  .   c - +1 helmet
rElec   .          Harm     .   m - +0 cloak
rCorr   .          Rampage  .   o - +0 pair of gloves
Will    .....                   (no boots)
Stlth   ..........              w - amulet of guardian spirit
HPRegen 0.24/turn               k - +6 ring of strength
MPRegen 0.12/turn               g - ring of see invisible

@: about to teleport
A: (nimble swimmer 2), mertail
a: Renounce Religion, Upheaval


You were on level 7 of the Dungeon.
You worshipped Qazlal.
Qazlal was pleased with you.
You visited 2 branches of the dungeon, and saw 8 of its levels.
You also visited: Ossuary.

You collected 490 gold pieces.
You spent 126 gold pieces at shops.

Inventory:

Hand Weapons
 a - a +0 trident
 y - a +0 long sword
 M - a +3 spear of venom (weapon)
Missiles
 d - 3 throwing nets
 e - a javelin
 i - a silver javelin
 L - 6 boomerangs (quivered)
Armour
 b - a +0 leather armour
 c - a +1 helmet (worn)
 m - a +0 cloak (worn)
 n - a +0 scale mail
 o - a +0 pair of gloves (worn)
 t - a +0 buckler
 H - a +0 tower shield (worn)
 I - a +0 chain mail (worn)
 K - +2 swamp dragon scales
Jewellery
 g - a ring of see invisible (right hand)
 k - a +6 ring of strength (left hand)
 q - a ring of flight
 r - a ring of ice
 w - an amulet of guardian spirit (around neck)
 G - a +6 ring of dexterity
Wands
 s - a wand of polymorph (3)
 N - a wand of roots (7)
Scrolls
 h - 3 scrolls of fear
 u - 3 scrolls of teleportation
 z - a scroll of enchant armour
 D - 3 scrolls of summoning
 E - 5 scrolls of identify
 J - 2 scrolls of magic mapping
Potions
 f - 2 potions of attraction
 j - 3 potions of curing
 l - a potion of invisibility
 p - 5 potions of heal wounds
 v - a potion of magic
 x - 2 potions of cancellation
 A - a potion of brilliance {unknown}
 B - 2 potions of lignification {unknown}
 C - 3 potions of might {unknown}
 F - a potion of flight {unknown}


   Skills:
 + Level 8.3 Fighting
 - Level 14.9 Polearms
 - Level 2.0 Throwing
 + Level 5.7 Armour
 + Level 5.1 Dodging
 + Level 8.6 Shields


You had 10 spell levels left.
You didn't know any spells.
Your spell library contained the following spells:

 Spells                   Type           Power      Damage    Failure   Level
 Magic Dart               Conj           0%         1d3       100%        1
 Shock                    Conj/Air       0%         1d3       100%        1
 Slow                     Hex            0%         N/A       100%        1
 Call Imp                 Summ           0%         N/A       100%        2
 Wereblood                Tmut           0%         N/A       100%        2
 Confusing Touch          Hex            0%         N/A       100%        3
 Mephitic Cloud           Conj/Pois/Air  0%         N/A       100%        3
 Swiftness                Air            0%         N/A       100%        3
 Vampiric Draining        Necr           0%         2d6       100%        3
 Airstrike                Air            0%         2d(0-16)  100%        4
 Statue Form              Tmut/Erth      0%         N/A       100%        6
 Borgnjor's Revivificati  Necr           0%         N/A       100%        8
 Necromutation            Tmut/Necr      0%         N/A       100%        8
 Death's Door             Necr           0%         N/A       100%        9


Dungeon Overview and Level Annotations

Branches:
Dungeon (7/15)             Temple (1/1) D:6         Ossuary (visited)

Altars:
Ashenzari
Cheibriados
Dithmenos
Elyvilon
Fedhas
Gozag
Kikubaaqudgha
Nemelex Xobeh
Okawaru
Qazlal
Sif Muna
Trog
Uskayaw
Vehumet
Yredelemnul
Zin
The Shining One

Shops:
D:6 [

Annotations:
D:3 2 runed translucent doors


Innate Abilities, Weirdness & Mutations

((You are very nimble when in or above water. (Stealth+, EV+, Speed+++)))
Your lower body shifts to a powerful aquatic tail in water.


Message History

The six-headed hydra bites you!
The six-headed hydra closely misses you.
The six-headed hydra bites you!
* * * LOW HITPOINT WARNING * * *
You block the six-headed hydra's attack.
The six-headed hydra bites you but does no damage.
The six-headed hydra bites you.
* * * LOW HITPOINT WARNING * * *
The six-headed hydra attacks as you move away!
The six-headed hydra bites you but does no damage. x2
You block the six-headed hydra's attack.
The six-headed hydra bites you but does no damage.
You block the six-headed hydra's attack.
The six-headed hydra closely misses you.
You feel much better.
You block the six-headed hydra's attack.
The six-headed hydra bites you.
You block the six-headed hydra's attack.
The six-headed hydra bites you.
You block the six-headed hydra's attack.
The six-headed hydra bites you!
As you read the scroll of teleportation, it crumbles to dust.
You feel strangely unstable.
You block the six-headed hydra's attack. x2
The six-headed hydra bites you but does no damage. x2
The six-headed hydra completely misses you.
You block the six-headed hydra's attack.
The six-headed hydra attacks as you move away!
The six-headed hydra bites you.
* * * LOW HITPOINT WARNING * * *
You block the six-headed hydra's attack.
The six-headed hydra bites you!
* * * LOW HITPOINT WARNING * * *
The six-headed hydra bites you but does no damage.
You block the six-headed hydra's attack.
The six-headed hydra bites you!
* * * LOW HITPOINT WARNING * * *
The six-headed hydra attacks as you move away!
The six-headed hydra bites you!
You die...

#.#....##..#..##.###.##h#o..## #
#.#....#.#.#.#.##.#g##H......# g
.)....##.#.#.#.##.#.##....##.## o
#.##..#..#.#.#..##†##..#..##..# .
#....##..#.#|#..##g##..#....#.# .
##.#.#'#########)##'##'#########'
#...#.##.......).##.##)..oH....#
#..##.#######)##.##.##.....h...#
##..#...##.....#@##.#.##..##...##
...##.#.##....##D###)###...##..#.
...#.....##?..#.###.#.###..#..##.
#.##.#.#.##.)##.##.#.#.##.....#..
..#.......##.#.##.#.#.#.##...##..
.##)##.##.####.###.#(#.###...#..#
.#..##.##..##.###.#.#.#.###.##.##
.#..[......##.##.#.#.#.#.##.#..#
.'############..#############.##


You could see a six-headed hydra (poisoned).

Vanquished Creatures
  A manticore (D:7)
  Maggie (D:7)
  A yak (D:7)
  2 steam dragons
  A wyvern (D:7)
  A fire bat (D:7)
  3 water moccasins
  An orc warrior (D:7)
  3 ice beasts
  A black bear (D:7)
  3 hornet zombies
  2 ogres (D:7)
  2 centaurs
  2 kobold brigands
  4 gnoll sergeants
  6 scorpions
  A wyvern zombie (D:7)
  2 bullfrogs (D:6)
  3 necrophages
  4 water moccasin zombies (Ossuary)
  6 wights
  6 killer bees (D:7)
  2 howler monkeys (D:7)
  6 bullfrog zombies
  6 centaur zombies
  4 hounds
  Crazy Yiuf (D:7)
  A human zombie (D:7)
  2 orc priests
  6 iguanas
  3 orc wizards (D:4)
  2 killer bee zombies (Ossuary)
  4 howler monkey zombies
  16 mummies
  11 gnolls
  9 adders
  4 shadow imps
  2 white imps (D:7)
  3 ufetubi
  A dart slug (D:2)
  14 orcs
  9 endoplasms
  A giant cockroach (D:3)
  9 hobgoblins
  16 kobolds
  5 quokkas
  9 ball pythons
  6 bats
  4 frilled lizards
  10 goblins
  7 rats
229 creatures vanquished.

Vanquished Creatures (others)
  2 kobolds (D:6)
  3 fungi (D:7)
  2 withered plants (Ossuary)
7 creatures vanquished.

Grand Total: 236 creatures vanquished

Notes
Turn   | Place    | Note
-------+----------+-------------------------------------------
     0 | D:1      | nickcage the Merfolk Gladiator began the quest for the Orb.
     0 | D:1      | Reached XP level 1. HP: 16/16 MP: 1/1
   102 | D:1      | Reached XP level 2. HP: 22/22 MP: 2/2
   138 | D:1      | Found a faded altar of an unknown god.
   154 | D:1      | Reached skill level 5 in Polearms
   497 | D:1      | Reached XP level 3. HP: 27/27 MP: 3/3
   845 | D:2      | Reached skill level 6 in Polearms
  1277 | D:2      | Reached XP level 4. HP: 32/33 MP: 4/4
  1344 | D:3      | Found a sparkling altar of Nemelex Xobeh.
  1367 | D:3      | Reached skill level 7 in Polearms
  1442 | D:3      | Found a snail-covered altar of Cheibriados.
  1485 | D:3      | Reached XP level 5. HP: 38/38 MP: 5/5
  1601 | D:3      | Found a large runed translucent door.
  1603 | D:3      | Found a large runed translucent door.
  1943 | D:3      | Reached skill level 8 in Polearms
  2403 | D:4      | Reached XP level 6. HP: 36/44 MP: 6/6
  2432 | D:4      | Reached skill level 9 in Polearms
  2833 | D:4      | Reached XP level 7. HP: 40/50 MP: 7/7
  2930 | D:4      | Reached skill level 1 in Shields
  2932 | D:4      | Reached skill level 10 in Polearms
  3523 | D:5      | Entered Level 5 of the Dungeon
  3528 | D:5      | Found an ancient bone altar of Kikubaaqudgha.
  3555 | D:5      | Reached skill level 1 in Armour
  4101 | D:5      | Got Kimpiklewuxa's Folio of Shaping
  4212 | D:5      | Reached skill level 11 in Polearms
  4593 | D:5      | Reached skill level 13 in Polearms
  4593 | D:5      | Reached XP level 8. HP: 67/67 MP: 8/8
  4862 | D:6      | Found a sand-covered staircase.
  4870 | Ossuary  | Entered an ossuary
  4900 | Ossuary  | Reached XP level 9. HP: 71/72 MP: 7/9
  5039 | Ossuary  | Reached skill level 14 in Polearms
  5566 | D:6      | Found a staircase to the Ecumenical Temple.
  5576 | Temple   | Entered the Ecumenical Temple
  5595 | Temple   | Became a worshipper of Qazlal Stormbringer
  5657 | D:6      | Found Vizxel's Antique Armour Boutique.
  5672 | D:6      | Bought a tower shield for 126 gold pieces
  6453 | D:6      | Reached XP level 10. HP: 79/79 MP: 10/10
  6847 | D:7      | Reached skill level 5 in Armour
  6849 | D:7      | Reached * piety under Qazlal
  7134 | D:7      | Noticed a manticore
  7138 | D:7      | a manticore changed into a fire bat
  7615 | D:7      | Noticed Maggie
  7633 | D:7      | Killed Maggie
  8079 | D:7      | Noticed a six-headed hydra
  8079 | D:7      | Noticed a manticore
  8190 | D:7      | Reached skill level 5 in Dodging
  8431 | D:7      | Reached ** piety under Qazlal
  8541 | D:7      | Found a basalt altar of Yredelemnul.
  8708 | D:7      | Killed a manticore
  8709 | D:7      | Reached XP level 11. HP: 66/86 MP: 8/11
  8828 | D:7      | Found a runed translucent door.
  8829 | D:7      | Noticed Crazy Yiuf
  8839 | D:7      | Killed Crazy Yiuf
  9140 | D:7      | Slain by a six-headed hydra

Illustrated notes

Levels and vault maps discovered:
D:1:      dpeg_arrival_arbitrary_c, layout_rooms,
          hellmonk_ecumenical_altar_arch_garden,
          amcnicky_mini_rare_corridor_liquid, minmay_close_crescents
D:2:      layout_rooms
D:3:      layout_rooms, cheibriados_altar_1, jmf_multi_god_temple2,
          mainiacjoe_overflow_24_doors, glass_columns_a, minmay_quantized
D:4:      layout_gridville
D:5:      layout_loops_ring, nicolae_kikubaaqudgha_miasma_corner
D:6:      layout_basic, minmay_temple_entry_mist,
          nicolae_ossuary_entry_monument, serial_shops, nicolae_shop_trees,
          nicolae_water_bricks, amcnicky_mini_pool_small, minmay_hedge_maze,
          kennysheep_path_1, hangedman_abyss_or_decor_jellyfish_corner
D:7:      minmay_the_grid_triangle_9x9_rhombus_full
          [minmay_the_grid_triangle_9x9_wacky_v,
          minmay_the_grid_triangle_9x9_thin_v,
          minmay_the_grid_triangle_9x9_descending_squares,
          minmay_the_grid_triangle_9x9_cache,
          minmay_the_grid_triangle_9x9_checkered,
          minmay_the_grid_triangle_9x9_pentomino_pain,
          minmay_the_grid_triangle_9x9_swiss_cheese,
          minmay_the_grid_triangle_9x9_prize_schism], layout_loops_cross,
          lemuel_mausoleum_altar_yredelemnul, uniq_maggie,
          uniq_crazy_yiuf_cottage
Temple:   cyrus_circular_temple

Skill      XL: |  1  2  3  4  5  6  7  8  9 10 |
---------------+-------------------------------+-----
Polearms       | 5 6 7 8 9 13 14 | 14.9
Shields        | 6 8 |  8.6
Armour         | 4 5 |  5.7
Fighting       | 7 8 |  8.3
Dodging        | 5 |  5.1
Throwing       | |  2.0

Action                   |  1- 3 |  4- 6 |  7- 9 | 10-12 || total
-------------------------+-------+-------+-------+-------++-------
Melee: Trident           |   131 |   191 |   442 |   329 ||  1093
       Tailslap          |       |       |     3 |       ||     3
       Spear             |       |       |       |    36 ||    36
Throw: Javelin           |     3 |     3 |     2 |     3 ||    11
       Boomerang         |       |       |       |     2 ||     2
       Throwing net      |       |       |       |     1 ||     1
Evoke: Wand              |       |       |       |     1 ||     1
  Use: Scroll            |     5 |     6 |     8 |     1 ||    20
       Potion            |       |       |     1 |     2 ||     3
Armor: Leather armour    |    25 |       |       |       ||    25
       Scale mail        |    15 |    60 |    79 |       ||   154
       Chain mail        |       |       |    30 |    75 ||   105
Dodge: Dodged            |    71 |    62 |    96 |    48 ||   277
Block: Buckler           |       |     3 |    50 |       ||    53
       Tower shield      |       |       |    58 |   250 ||   308

Table legend: (Time is in decaauts)
 A = Elapsed time spent in this place.
 B = Non-inter-level travel time spent in this place.
 C = Inter-level travel time spent in this place.
 D = Time resting spent in this place.
 E = Time spent auto-exploring this place.
 F = Levels seen in this place.
 G = Mean time per level.
                   A        B        C        D        E       F      G
               +--------+--------+--------+--------+--------+-----+--------+
         Total |   8955 |   8739 |    216 |    873 |   5986 |   9 |  995.0 |
       Dungeon |   8357 |   8150 |    207 |    713 |   5771 |   7 | 1193.9 |
        Temple |     58 |     49 |      9 |      0 |     35 |   1 |   58.0 |
       Ossuary |    538 |    538 |      0 |    160 |    180 |   1 |  538.0 |
               +--------+--------+--------+--------+--------+-----+--------+

Top non-repeatable levels by time:
     D:7: 2274 daAuts
     D:4: 1503 daAuts
     D:6: 1329 daAuts
     D:5: 1080 daAuts
     D:3: 847 daAuts
     D:1: 806 daAuts
 Ossuary: 538 daAuts
     D:2: 516 daAuts
  Temple: 58 daAuts
